 Dungeon Crawl Stone Soup version 0.28-a0-1152-g9c71ebef14 (webtiles) character file.

Game seed: 246116267576310167

2164 wakim the Gusty (level 9, -14/54 HPs)
             Began as a Tengu Air Elementalist on Dec 14, 2021.
             Killed from afar by Harold (16 damage)
             ... with a harpoon shot
             ... on level 7 of the Dungeon.
             The game lasted 00:41:58 (11069 turns).

wakim the Gusty (Tengu Air Elementalist)           Turns: 11069, Time: 00:41:59

Health: -14/54     AC:  3    Str:  9    XL:     9   Next: 32%
Magic:  12/15      EV: 15    Int: 32    God:
Gold:   89         SH:  5    Dex: 14    Spells: 5/15 levels left

rFire   . . .      SeeInvis .   b - staff of poison
rCold   . . .      Faith    .   t - +0 buckler
rNeg    . . .      Spirit   .   c - +0 robe
rPois   +          Reflect  .   (helmet restricted)
rElec   .          Harm     .   (no cloak)
rCorr   .          Rampage  .   d - +0 pair of gloves
Will    .....                   (boots unavailable)
Stlth   ++........              (no amulet)
HPRegen 0.18/turn               p - +6 ring of intelligence
MPRegen 0.14/turn               n - +6 ring of intelligence

@: swift, flying quickly and evasively, very quick
A: beak, talons 3, nimble flight
a: no special abilities


You were on level 7 of the Dungeon.
You visited 2 branches of the dungeon, and saw 8 of its levels.
You also visited: Sewer.

You collected 348 gold pieces.
You spent 259 gold pieces at shops.

Inventory:

Hand Weapons
 a - a +0 dagger of venom
Armour
 c - a +0 robe (worn)
 d - a +0 pair of gloves (worn)
 t - a +0 buckler (worn)
Magical Staves
 b - a staff of poison (weapon)
Jewellery
 n - a +6 ring of intelligence (right hand)
 p - a +6 ring of intelligence (left hand)
 s - a ring of fire
Scrolls
 e - 5 scrolls of acquirement {unknown}
 f - 5 scrolls of enchant armour {unknown}
 g - 2 scrolls of amnesia {unknown}
 h - 2 scrolls of enchant weapon {unknown}
 l - 2 scrolls of fear {unknown}
 r - 2 scrolls of identify
 x - a scroll of summoning {unknown}
 R - a scroll of magic mapping {!r}
 T - a scroll of teleportation
 X - 2 scrolls of fog
Potions
 i - 3 potions of curing {unknown}
 j - 3 potions of flight {unknown}
 k - a potion of mutation {unknown}
 m - 2 potions of brilliance {unknown}
 o - a potion of cancellation {unknown}
 q - 2 potions of might {unknown}
 u - a potion of lignification {unknown}
 v - a potion of degeneration {unknown}
 w - a potion of attraction {unknown}
 H - 6 potions of haste
 K - a potion of magic
 O - 3 potions of resistance


   Skills:
 + Level 5.0 Fighting
 + Level 3.7 Staves
 - Level 1.1 Armour
 - Level 3.0 Dodging
 - Level 2.0 Stealth
 - Level 4.0 Shields
 - Level 3.6 Spellcasting
 - Level 6.0 Conjurations
 - Level 6.7 Air Magic
 - Level 3.0 Poison Magic
 + Level 4.2 Evocations


You had 5 spell levels left.
You knew the following spells:

 Your Spells              Type           Power      Damage    Failure   Level
a - Shock                 Conj/Air       100%       1d9       1%          1
b - Airstrike             Air            24%        N/A       3%          4
d - Static Discharge      Conj/Air       46%        N/A       1%          2
s - Swiftness             Air            49%        N/A       1%          3

Your spell library contained the following spells:

 Spells                   Type           Power      Damage    Failure   Level
 Stone Arrow              Conj/Erth      50%        3d10      5%          3
 Sandblast                Erth           10%        2d5       6%          1
 Passwall                 Tmut/Erth      4%         N/A       9%          2
 Tukima's Dance           Hex            5%         N/A       19%         3
 Animate Armour           Summ/Erth      10%        N/A       52%         4
 Passage of Golubria      Tloc           5%         N/A       52%         4
 Yara's Violent Unravell  Hex/Tmut       2%         3d3       86%         5
 Lehudib's Crystal Spear  Conj/Erth      12%        10d4      100%        8


Dungeon Overview and Level Annotations

Branches:
Dungeon (7/15)             Temple (1/1) D:5           Sewer (visited)

Altars:
Ashenzari
Cheibriados
Elyvilon
Hepliaklqana
Kikubaaqudgha
Makhleb
Nemelex Xobeh
Okawaru
Sif Muna
Trog
Uskayaw
Wu Jian
Xom
Zin
The Shining One

Shops:
D:1 =   D:2 *   D:6 [

Annotations:
D:3 Sigmund
D:4 Edmund
D:7 Harold


Innate Abilities, Weirdness & Mutations

You have a beak for a mouth.
You have claws for feet.
Your magical nature lets you fly swiftly and evasively.


Message History

There is a stone staircase leading up here.
There is a stone staircase leading up here.
You fly upwards.
There is a stone staircase leading down here.
There is an open door here.
There is an open door here.
There is a stone staircase leading down, spattered with blood here.
You fly downwards.
Level annotation: Harold Harold shouts!
Harold completely misses you.
There is a stone staircase leading up here.
Casting: Shock (safe; 1% risk of failure)
Confirm with . or Enter, or press ? or * to list all spells.
Harold is struck by an arc of lightning!
Harold is lightly wounded.
You are struck by an arc of lightning.
Harold is struck by an arc of lightning.
Harold is lightly wounded.
The lightning grounds out.
Harold hits you with a +0 scimitar!!
Unknown command.
Casting: Static Discharge (safe; 1% risk of failure)
Confirm with . or Enter, or press ? or * to list all spells.
You feel quick. You block Harold's attack. Harold fires a harpoon shot at you.
The harpoon shot hits you!!
* * * LOW HITPOINT WARNING * * *
You are yanked forward by the harpoon shot.
Harold throws a throwing net.
The throwing net closely misses you.
You see here a throwing net {=f!f}.
Harold fires a harpoon shot at you. The harpoon shot hits you!
* * * LOW HITPOINT WARNING * * *
You are yanked forward by the harpoon shot.
Okay, then.
Harold pauses a moment, imagining something with a smile on his face.
There is a stone staircase leading up, spattered with blood here.
Harold fires a harpoon shot at you. The harpoon shot hits you!
You die...

#....... #### #.######
##....##############.###...
...........................
......##......###.######.##
.......'......(............
......##......###.######.#.
....# #......##@....#.#.#.
.....####..@...##..##.#...#
.. ...........@...##...####
... ..#####..).....######
.... #........# ..(...
#........#
......#####........#
.#................#
...................#
..................#.#


You could see Harold.

Vanquished Creatures
  Pikel (D:6)
  2 water moccasins
  An orc warrior (D:7)
  An ice beast (D:5)
  An ogre (D:4)
  2 centaurs
  A lemure (D:6)
  2 phantoms (D:6)
  2 bullfrogs
  3 scorpions
  A water moccasin zombie (D:6)
  A bullfrog zombie (D:5)
  A jelly (D:6)
  A bullfrog skeleton (D:7)
  2 hounds
  An iguana (D:6)
  Natasha (thrice) (D:4)
  A scorpion zombie (D:5)
  3 orc wizards
  Robin (D:3)
  7 adders
  A shadow imp (D:6)
  3 worms
  3 dart slugs
  6 orcs
  2 bat zombies (D:5)
  3 endoplasms
  3 giant cockroaches
  20 goblins
  8 hobgoblins
  10 jackals
  11 kobolds
  4 quokkas
  12 ball pythons
  11 bats
  3 frilled lizards
  5 rats
143 creatures vanquished.

Vanquished Creatures (others)
  32 plants (Sewer)
32 creatures vanquished.

Grand Total: 175 creatures vanquished

Notes
Turn   | Place    | Note
-------+----------+-------------------------------------------
     0 | D:1      | wakim the Tengu Air Elementalist began the quest for the
                  | Orb.
     0 | D:1      | Reached XP level 1. HP: 10/10 MP: 4/4
   305 | D:1      | Reached XP level 2. HP: 15/15 MP: 4/6
   414 | D:1      | Learned a level 2 spell: Static Discharge
   493 | D:1      | Found Roqar's Jewellery Shoppe.
   896 | D:1      | Reached XP level 3. HP: 17/19 MP: 1/7
  1437 | D:2      | Reached skill level 5 in Air Magic
  1593 | D:2      | You fall into a shaft and drop 2 floors!
  1595 | D:4      | Noticed an ogre
  1636 | D:4      | Noticed Edmund
  1818 | D:4      | Noticed Natasha
  1822 | D:4      | Killed Natasha
  1823 | D:4      | Reached XP level 4. HP: 10/24 MP: 3/8
  2249 | D:3      | Found a glowing drain.
  2258 | Sewer    | Entered a sewer
  2432 | Sewer    | Reached skill level 5 in Conjurations
  2546 | Sewer    | Gained mutation: Your magical nature lets you fly swiftly
                  | and evasively. [Tengu growth]
  2546 | Sewer    | Reached XP level 5. HP: 28/28 MP: 4/9
  3012 | Sewer    | Reached skill level 1 in Armour
  3067 | Sewer    | Reached skill level 1 in Staves
  3281 | D:3      | Noticed Sigmund
  3391 | D:3      | Reached skill level 1 in Fighting
  3538 | D:2      | Reached skill level 1 in Evocations
  3583 | D:2      | Found a faded altar of an unknown god.
  3664 | D:2      | Learned a level 3 spell: Swiftness
  3682 | D:2      | Found Ruilatzu's General Store.
  3730 | D:2      | Bought a potion of resistance for 100 gold pieces
  3730 | D:2      | Bought a scroll of fog for 20 gold pieces
  3972 | D:3      | Found a burning altar of Makhleb.
  4399 | D:4      | Noticed Robin
  4558 | D:3      | Killed Robin
  4875 | D:4      | Noticed Natasha
  5320 | D:4      | Killed Natasha
  5321 | D:4      | Reached XP level 6. HP: 34/34 MP: 6/10
  5422 | D:4      | Noticed Natasha
  5429 | D:4      | Killed Natasha
  5430 | D:4      | Reached skill level 1 in Poison Magic
  5934 | D:5      | Entered Level 5 of the Dungeon
  6057 | D:5      | Noticed a water moccasin
  6416 | D:5      | Reached XP level 7. HP: 35/38 MP: 8/12
  6451 | D:5      | Learned a level 4 spell: Airstrike
  6451 | D:5      | Found a staircase to the Ecumenical Temple.
  6666 | D:5      | Found an ancient bone altar of Kikubaaqudgha.
  7840 | D:6      | Reached XP level 8. HP: 38/45 MP: 6/13
  8063 | D:6      | Found Jafruniq's Antique Armour Boutique.
  9102 | D:6      | Bought a buckler for 139 gold pieces
  9205 | D:6      | Reached skill level 1 in Shields
  9495 | Temple   | Entered the Ecumenical Temple
 10158 | D:7      | Reached XP level 9. HP: 36/53 MP: 5/15
 10336 | D:7      | Reached skill level 5 in Fighting
 10450 | D:7      | Noticed Pikel
 10565 | D:6      | Killed Pikel
 10955 | D:7      | Noticed Harold
 11057 | D:7      | HP: 1/54 [Harold/harpoon shot (12)]
 11069 | D:7      | Killed from afar by Harold

Illustrated notes

Levels and vault maps discovered:
D:1:      saegor_arrival_simple_d, layout_loops_ring, serial_shops, shop,
          minmay_misc_feat_doors, kennysheep_nondescript
D:2:      layout_basic, serial_shops, nicolae_diamond_shop,
          hellmonk_ecumenical_altar_prayer_group
D:3:      layout_loops_ring, bloody_makhleb, portal_sewer_entry_d, uniq_sigmund
D:4:      layout_loops_corners, uniq_natasha, uniq_robin, uniq_edmund
D:5:      layout_basic, lemuel_zombie_altar_kikubaaqudgha,
          minmay_temple_entry_from_below_a
D:6:      layout_loops_corners, serial_shops, nicolae_shop_behind_doors
D:7:      minmay_klotski, layout_basic, uniq_harold, uniq_pikel
Temple:   nicolae_temple_figure_eight

Skill      XL: |  1  2  3  4  5  6  7  8  9 |
---------------+----------------------------+-----
Conjurations   | 2 4 5 6 |  6.0
Air Magic      | 5 6 |  6.7
Armour         | 1 |  1.1
Staves         | 1 3 |  3.7
Fighting       | 1 2 4 5 |  5.0
Evocations     | 1 2 3 4 |  4.2
Poison Magic   | 1 2 3 |  3.0
Spellcasting   | 3 |  3.6
Dodging        | 3 |  3.0
Shields        | 3 4 |  4.0
Stealth        | |  2.0

Action                   |  1- 3 |  4- 6 |  7- 9 || total
-------------------------+-------+-------+-------++-------
Melee: Peck              |     3 |    12 |     6 ||    21
       Unarmed           |     1 |       |       ||     1
       Staff             |     9 |    41 |    12 ||    62
       Kick              |     2 |    15 |     5 ||    22
       Dagger            |       |     8 |     9 ||    17
 Cast: Shock             |    51 |   104 |    75 ||   230
       Static Discharge  |     3 |    18 |    18 ||    39
       Swiftness         |       |     1 |     2 ||     3
       Airstrike         |       |       |    11 ||    11
  Use: Scroll            |     4 |     1 |       ||     5
       Potion            |       |       |     1 ||     1
 Stab: Sleeping          |       |       |     1 ||     1
Armor: Robe              |     5 |    12 |     8 ||    25
Dodge: Dodged            |    26 |    58 |    43 ||   127
Block: Buckler           |       |       |     3 ||     3

Table legend: (Time is in decaauts)
 A = Elapsed time spent in this place.
 B = Non-inter-level travel time spent in this place.
 C = Inter-level travel time spent in this place.
 D = Time resting spent in this place.
 E = Time spent auto-exploring this place.
 F = Levels seen in this place.
 G = Mean time per level.
                   A        B        C        D        E       F      G
               +--------+--------+--------+--------+--------+-----+--------+
         Total |  10593 |   9240 |   1353 |   2973 |   2416 |   9 | 1177.0 |
       Dungeon |   9489 |   8168 |   1321 |   2699 |   2016 |   7 | 1355.6 |
        Temple |    229 |    198 |     31 |      0 |    175 |   1 |  229.0 |
         Sewer |    874 |    874 |      0 |    273 |    224 |   1 |  874.0 |
               +--------+--------+--------+--------+--------+-----+--------+

Top non-repeatable levels by time:
     D:6: 2174 daAuts
     D:4: 1850 daAuts
     D:3: 1578 daAuts
     D:1: 1290 daAuts
     D:5: 1136 daAuts
   Sewer: 874 daAuts
     D:2: 808 daAuts
     D:7: 650 daAuts
  Temple: 229 daAuts
